TOP OF THE 1ST |
Napanee Express batting - Pitching for Germantown Uruguayans : LHP Manuel Bernal
|
Pitching: LHP Manuel Bernal
|
|
Batting: RHB Gus Swanson
|
0-0: Called Strike 0-1: Ball 1-1: Called Strike 1-2: Ball 2-2: Ground out 4-3 (Groundball, 4, EV 82.5 MPH)
|
Batting: RHB Jorge Ramírez
|
0-0: SINGLE (Line Drive, 6D, EV 98.8 MPH)
|
Batting: SHB Jay Welch
|
0-0: Ball 1-0: Ball 2-0: Called Strike 2-1: Called Strike 2-2: Foul Ball, location: 2F 2-2: Strikes out swinging
|
Batting: RHB Buck Young
|
0-0: Ball 1-0: Ball 2-0: Foul Ball, location: 2F 2-1: Foul Ball, location: 2F 2-2: Ground out 5-3 (Groundball, 56S, EV 87.5 MPH)
|
Top of the 1st over - 0 runs, 1 hit, 0 errors, 1 left on base; Napanee 0 - Germantown 0 |
BOTTOM OF THE 1ST |
Germantown Uruguayans batting - Pitching for Napanee Express : RHP Edward Small
|
Pitching: RHP Edward Small
|
|
Batting: RHB Ron Auten
|
0-0: Swinging Strike 0-1: Foul Ball, location: 2F 0-2: Ball 1-2: Ball 2-2: Ball 3-2: Strikes out swinging
|
Batting: LHB Leonardo Silva
|
0-0: Foul Ball, location: 2F 0-1: Ball 1-1: Foul Ball, location: 2F 1-2: Strikes out swinging
|
Batting: LHB Juan Saucedo
|
0-0: Called Strike 0-1: Ball 1-1: Foul Ball, location: 2F 1-2: Strikes out swinging
|
Bottom of the 1st over - 0 runs, 0 hits, 0 errors, 0 left on base; Napanee 0 - Germantown 0 |
TOP OF THE 2ND |
Napanee Express batting - Pitching for Germantown Uruguayans : LHP Manuel Bernal
|
Batting: RHB Ron Mitchell
|
0-0: Ball 1-0: Ball 2-0: Called Strike 2-1: Ball 3-1: Swinging Strike 3-2: Ground out 4-3 (Groundball, 4M, EV 95.6 MPH)
|
Batting: RHB Fabian Roest
|
0-0: Ball 1-0: Ground out 3-1 (Groundball, 34, EV 87.5 MPH)
|
Batting: LHB Del Quick
|
0-0: Fly out, F8 (Flyball, 8LM, EV 90.0 MPH)
|
Top of the 2nd over - 0 runs, 0 hits, 0 errors, 0 left on base; Napanee 0 - Germantown 0 |
BOTTOM OF THE 2ND |
Germantown Uruguayans batting - Pitching for Napanee Express : RHP Edward Small
|
Batting: RHB Luis Coronado
|
0-0: Called Strike 0-1: SINGLE (Groundball, 6D, EV 103.1 MPH)
|
Batting: RHB Yong-sung Kim
|
0-0: Ball 1-0: Called Strike 1-1: Foul Ball, location: 2F 1-2: Foul Ball, location: 2F 1-2: Strikes out swinging
|
Batting: SHB Reinaart Zegers
|
0-0: Ball 1-0: Fly out, F8 (Flyball, 8LS, EV 82.5 MPH)
|
Batting: RHB Glenn Hicks
|
0-0: Called Strike 0-1: Ball 1-1: Ground out 4-3 (Groundball, 4, EV 87.5 MPH)
|
Bottom of the 2nd over - 0 runs, 1 hit, 0 errors, 1 left on base; Napanee 0 - Germantown 0 |
TOP OF THE 3RD |
Napanee Express batting - Pitching for Germantown Uruguayans : LHP Manuel Bernal
|
Batting: RHB Kuei-lin Lao
|
0-0: Fly out, F7 (Flyball, 7D, EV 100.6 MPH)
|
Batting: SHB Nacho Roldán
|
0-0: Swinging Strike 0-1: Swinging Strike 0-2: Ball 1-2: Ball 2-2: SINGLE (Groundball, 6MD, EV 102.5 MPH)
|
Batting: RHB Gus Swanson
|
0-0: Called Strike 0-1: Swinging Strike Nacho Roldán is caught stealing 2nd base 2-4 0-2: Foul Ball, location: 2F 0-2: Ball 1-2: Foul Ball, location: 2F 1-2: Fly out, F7 (Flyball, 7, EV 93.8 MPH)
|
Top of the 3rd over - 0 runs, 1 hit, 0 errors, 0 left on base; Napanee 0 - Germantown 0 |
BOTTOM OF THE 3RD |
Germantown Uruguayans batting - Pitching for Napanee Express : RHP Edward Small
|
Batting: RHB José Zamora
|
0-0: Called Strike 0-1: Ball 1-1: Foul Ball, location: 2F 1-2: Strikes out swinging
|
Batting: RHB Xiao-peng Dai
|
0-0: Ball 1-0: Ground out 6-3 (Groundball, 6, EV 91.9 MPH)
|
Batting: RHB Ron Auten
|
0-0: Called Strike 0-1: Called Strike 0-2: Foul Ball, location: 2F 0-2: Ball 1-2: Strikes out swinging
|
Bottom of the 3rd over - 0 runs, 0 hits, 0 errors, 0 left on base; Napanee 0 - Germantown 0 |
TOP OF THE 4TH |
Napanee Express batting - Pitching for Germantown Uruguayans : LHP Manuel Bernal
|
Batting: RHB Jorge Ramírez
|
0-0: SINGLE (Line Drive, 4D, EV 95.6 MPH)
|
Batting: SHB Jay Welch
|
0-0: Called Strike 0-1: Grounds into double play, 6-4-3 (Groundball, 6, EV 81.9 MPH)
|
Batting: RHB Buck Young
|
0-0: Ball 1-0: Ball 2-0: Fly out, F9 (Flyball, 9D, EV 106.9 MPH)
|
Top of the 4th over - 0 runs, 1 hit, 0 errors, 0 left on base; Napanee 0 - Germantown 0 |
BOTTOM OF THE 4TH |
Germantown Uruguayans batting - Pitching for Napanee Express : RHP Edward Small
|
Batting: LHB Leonardo Silva
|
0-0: Swinging Strike 0-1: Called Strike 0-2: Ball 1-2: Ball 2-2: Ball 3-2: Base on Balls
|
Batting: LHB Juan Saucedo
|
0-0: Ball 1-0: Swinging Strike 1-1: Foul Ball, location: 2F 1-2: Ball 2-2: Ball 3-2: Base on Balls Leonardo Silva to second
|
Batting: RHB Luis Coronado
|
0-0: Ball 1-0: Called Strike 1-1: Ball 2-1: Ball 3-1: Base on Balls Leonardo Silva to third Juan Saucedo to second
|
Batting: RHB Yong-sung Kim
|
0-0: Ball 1-0: Ball 2-0: Ball 3-0: Base on Balls Leonardo Silva scores Juan Saucedo to third Luis Coronado to second
|
Batting: SHB Reinaart Zegers
|
0-0: Called Strike 0-1: Foul Ball, location: 2F 0-2: Foul Ball, location: 2F 0-2: Foul Ball, location: 2F 0-2: Strikes out swinging
|
Batting: RHB Glenn Hicks
|
0-0: Ball 1-0: Ball 2-0: Called Strike 2-1: Foul Ball, location: 2F 2-2: Strikes out looking
|
Batting: RHB José Zamora
|
0-0: Ball 1-0: Called Strike 1-1: Ball Wild Pitch! Juan Saucedo scores Luis Coronado to third Yong-sung Kim to second 2-1: Ball 3-1: Swinging Strike 3-2: Fly out, F8 (Flyball, 78M, EV 93.1 MPH)
|
Bottom of the 4th over - 2 runs, 0 hits, 0 errors, 2 left on base; Napanee 0 - Germantown 2 |
TOP OF THE 5TH |
Napanee Express batting - Pitching for Germantown Uruguayans : LHP Manuel Bernal
|
Batting: RHB Ron Mitchell
|
0-0: Ball 1-0: Called Strike 1-1: Ball 2-1: Ground out 6-3 (Groundball, 6, EV 100.6 MPH)
|
Batting: RHB Fabian Roest
|
0-0: Swinging Strike 0-1: Ball 1-1: Foul Ball, location: 2F 1-2: Ground out 5-3 (Groundball, 5L, EV 82.5 MPH)
|
Batting: LHB Del Quick
|
0-0: Ball 1-0: Called Strike 1-1: SOLO HOME RUN (Flyball, 9D, EV 105.0 MPH), Distance : 374 ft
|
Batting: RHB Kuei-lin Lao
|
0-0: Foul Ball, location: 2F 0-1: Ball 1-1: Fly out, F8 (Line Drive, 8LD, EV 105.6 MPH)
|
Top of the 5th over - 1 run, 1 hit, 0 errors, 0 left on base; Napanee 1 - Germantown 2 |
BOTTOM OF THE 5TH |
Germantown Uruguayans batting - Pitching for Napanee Express : RHP Edward Small
|
Batting: RHB Xiao-peng Dai
|
0-0: Foul Ball, location: 2F 0-1: Foul Ball, location: 2F 0-2: Ball 1-2: Foul Ball, location: 2F 1-2: Foul Ball, location: 2F 1-2: Reached on error, E3 (Groundball, 34, EV 111.2 MPH)
|
Batting: RHB Ron Auten
|
0-0: Ball 1-0: Fielders Choice at 2nd, 1-6 (Groundball, 34S, EV 73.1 MPH)
|
Batting: LHB Leonardo Silva
|
0-0: Ball Passed Ball! Ron Auten to second 1-0: Ball 2-0: Fly out, F8 (Flyball, 8RD, EV 66.9 MPH)
|
Batting: LHB Juan Saucedo
|
0-0: 2-RUN HOME RUN (Flyball, 9D, EV 93.8 MPH), Distance : 373 ft
|
Batting: RHB Luis Coronado
|
0-0: Ball 1-0: Foul Ball, location: 2F 1-1: Foul Ball, location: 2F 1-2: Strikes out swinging
|
Bottom of the 5th over - 2 runs, 1 hit, 1 error, 0 left on base; Napanee 1 - Germantown 4 |
TOP OF THE 6TH |
Napanee Express batting - Pitching for Germantown Uruguayans : LHP Manuel Bernal
|
Batting: SHB Nacho Roldán
|
0-0: Ball 1-0: Ball 2-0: Ball 3-0: Base on Balls
|
Batting: RHB Gus Swanson
|
0-0: Called Strike 0-1: Ball 1-1: Swinging Strike 1-2: Strikes out swinging
|
Batting: RHB Jorge Ramírez
|
0-0: Ball 1-0: Called Strike 1-1: Ball 2-1: Ball 3-1: Foul Ball, location: 2F 3-2: Strikes out swinging
|
Batting: SHB Jay Welch
|
0-0: Called Strike 0-1: Foul Ball, location: 2F 0-2: Foul Ball, location: 2F 0-2: Ball 1-2: Ball 2-2: Fly out, F9 (Flyball, 89S, EV 93.1 MPH)
|
Top of the 6th over - 0 runs, 0 hits, 0 errors, 1 left on base; Napanee 1 - Germantown 4 |
BOTTOM OF THE 6TH |
Germantown Uruguayans batting - Pitching for Napanee Express : RHP Edward Small
|
Batting: RHB Yong-sung Kim
|
0-0: Foul Ball, location: 2F 0-1: Swinging Strike 0-2: Hit by Pitch
|
Pinch Runner at 1st Justin Welch:
|
|
Batting: SHB Reinaart Zegers
|
0-0: Ball 1-0: Swinging Strike 1-1: Ball 2-1: Ball 3-1: Foul Ball, location: 2F 3-2: Grounds into double play, 6-4-3 (Groundball, 6S, EV 91.9 MPH)
|
Batting: RHB Glenn Hicks
|
0-0: Called Strike 0-1: Ball 1-1: SINGLE (Groundball, 34D, EV 96.9 MPH)
|
Batting: RHB José Zamora
|
0-0: Foul Ball, location: 2F 0-1: Ball Wild Pitch! Glenn Hicks to second 1-1: Called Strike 1-2: Strikes out swinging
|
Bottom of the 6th over - 0 runs, 1 hit, 0 errors, 1 left on base; Napanee 1 - Germantown 4 |
TOP OF THE 7TH |
Napanee Express batting - Pitching for Germantown Uruguayans : LHP Manuel Bernal
|
Now in LF: Dionísio Mariano
|
|
Batting: RHB Buck Young
|
0-0: SINGLE (Groundball, 6, EV 95.6 MPH)
|
Batting: RHB Ron Mitchell
|
0-0: Fielders Choice at 2nd, 6-4 (Groundball, 6, EV 88.1 MPH)
|
Batting: RHB Fabian Roest
|
0-0: Ball 1-0: Ball 2-0: Foul Ball, location: 2F 2-1: DOUBLE (Line Drive, 78D, EV 105.0 MPH) Ron Mitchell to third
|
Batting: LHB Del Quick
|
0-0: Called Strike 0-1: Foul Ball, location: 2F 0-2: Ball 1-2: Ball 2-2: Ground out 6-3 (Groundball, 4MD, EV 81.9 MPH) Ron Mitchell scores Fabian Roest to third
|
Pitching: RHP Jorge Martínez
|
|
Pinch Hitting: RHB Hen-to Hsia
|
0-0: Called Strike 0-1: Called Strike 0-2: Ball 1-2: Foul Ball, location: 2F 1-2: Strikes out looking
|
Top of the 7th over - 1 run, 2 hits, 0 errors, 1 left on base; Napanee 2 - Germantown 4 |
BOTTOM OF THE 7TH |
Germantown Uruguayans batting - Pitching for Napanee Express : RHP Edward Small
|
Now in RF: Gabriel Cruz
|
|
Batting: RHB Xiao-peng Dai
|
0-0: Ball 1-0: Ground out U3 (Groundball, 3S, EV 86.9 MPH)
|
Batting: RHB Ron Auten
|
0-0: Called Strike 0-1: Swinging Strike 0-2: Ball 1-2: Foul Ball, location: 2F 1-2: Ball 2-2: Strikes out swinging
|
Pitching: RHP Domingo Rovlaz
|
|
Batting: LHB Leonardo Silva
|
0-0: Called Strike 0-1: Ball 1-1: Ground out 1-3 (Groundball, 13S, EV 70.0 MPH)
|
Bottom of the 7th over - 0 runs, 0 hits, 0 errors, 0 left on base; Napanee 2 - Germantown 4 |
TOP OF THE 8TH |
Napanee Express batting - Pitching for Germantown Uruguayans : RHP Jorge Martínez
|
Now in CF: Daniel Colle
|
|
Batting: SHB Nacho Roldán
|
0-0: Called Strike 0-1: Ball 1-1: Reached via error on a dropped throw from 1B, E1 (Groundball, 34, EV 76.9 MPH)
|
Batting: RHB Gus Swanson
|
0-0: Ball 1-0: Ball 2-0: Called Strike 2-1: Ground out 5-3 (Groundball, 56S, EV 68.8 MPH) Nacho Roldán to second
|
Batting: RHB Jorge Ramírez
|
0-0: Foul Ball, location: 2F 0-1: SINGLE (Groundball, P, EV 82.5 MPH) (infield hit) Nacho Roldán to third
|
Pitching: LHP Walliyullah bin Seif
|
|
Batting: SHB Jay Welch
|
0-0: Called Strike 0-1: Ground out 5-3 (Groundball, 56, EV 81.9 MPH) Jorge Ramírez to second
|
Batting: RHB Buck Young
|
0-0: Swinging Strike 0-1: Foul Ball, location: 2F 0-2: Ball 1-2: Strikes out swinging
|
Top of the 8th over - 0 runs, 1 hit, 1 error, 2 left on base; Napanee 2 - Germantown 4 |
BOTTOM OF THE 8TH |
Germantown Uruguayans batting - Pitching for Napanee Express : RHP Domingo Rovlaz
|
Batting: LHB Juan Saucedo
|
0-0: Ball 1-0: Ball 2-0: Called Strike 2-1: SINGLE (Line Drive, 56D, EV 93.8 MPH)
|
Batting: RHB Luis Coronado
|
0-0: Called Strike 0-1: Fly out, F6 (Popup, 6MD, EV 48.1 MPH)
|
Batting: RHB Dionísio Mariano
|
0-0: SINGLE (Groundball, 34S, EV 70.0 MPH) (infield hit) Juan Saucedo to second
|
Batting: SHB Reinaart Zegers
|
0-0: Called Strike 0-1: Ball 1-1: Foul Ball, location: 2F 1-2: Foul Ball, location: 2F 1-2: Ball 2-2: 3-RUN HOME RUN (Flyball, 9D, EV 94.4 MPH), Distance : 362 ft
|
Pitching: RHP Charles Edwards
|
|
Batting: RHB Glenn Hicks
|
0-0: Ball 1-0: Ball 2-0: Foul Ball, location: 2F 2-1: Swinging Strike 2-2: Strikes out swinging
|
Batting: RHB José Zamora
|
0-0: Ball 1-0: Fly out, F9 (Flyball, 9, EV 91.9 MPH)
|
Bottom of the 8th over - 3 runs, 3 hits, 0 errors, 0 left on base; Napanee 2 - Germantown 7 |
TOP OF THE 9TH |
Napanee Express batting - Pitching for Germantown Uruguayans : LHP Walliyullah bin Seif
|
Batting: RHB Ron Mitchell
|
0-0: Ball 1-0: Called Strike 1-1: Ball 2-1: Ground out 5-3 (Groundball, 5S, EV 70.6 MPH)
|
Pinch Hitting: RHB Júlio Gil
|
0-0: Called Strike 0-1: Swinging Strike 0-2: Ball 1-2: Fly out, F9 (Flyball, 9D, EV 100.0 MPH)
|
Batting: LHB Del Quick
|
0-0: Called Strike 0-1: Swinging Strike 0-2: Ball 1-2: Foul Ball, location: 2F 1-2: Fly out, F8 (Flyball, 8RXD, EV 95.0 MPH)
|
Top of the 9th over - 0 runs, 0 hits, 0 errors, 0 left on base; Napanee 2 - Germantown 7 |
|